 Dungeon Crawl Stone Soup version 0.19.3-4-gbf9329e (webtiles) character file.

251712 Megalobster the Devastator (level 19, -2/168 HPs)
             Began as a Deep Elf Conjurer on Jan 30, 2017.
             Was the Champion of Vehumet.
             Slain by a wolf spider (6 damage)
             ... on level 3 of the Spider Nest.
             The game lasted 07:26:49 (57697 turns).

Megalobster the Devastator (Deep Elf Conjurer)     Turns: 57697, Time: 07:26:50

Health: -2/168     AC: 25    Str:  5    XL:     19   Next: 33%
Magic:  10/40      EV:  2    Int: 37    God:    Vehumet [******]
Gold:   2016       SH:  0    Dex: 19    Spells: 14 memorised, 1 level left

rFire  + . .     SeeInvis .     V - staff of fire
rCold  + . .     Gourm    +     (armour currently unavailable)
rNeg   + + +     Faith    .     R - +4 shield {rC+}
rPois  +         Spirit   .     (helmet currently unavailable)
rElec  +         Reflect  .     (cloak currently unavailable)
rCorr  +         Harm     .     (gloves currently unavailable)
MR     ++...     NoTele   +     (boots currently unavailable)
Stlth  +.........               Z - amulet of the gourmand
                                n - ring "Bouzum Dueje" {rPois MR+ Dex+4 Stlth-}
                                P - ring "Plog" {rCorr rElec Int+3 Stlth+}

@: confused, brilliant, lethally poisoned (-2 -> -3), tree-form, corroded,
delayed fireball
A: (slimy green scales 0), (yellow scales 0), low mp 1
a: Renounce Religion, Release Delayed Fireball
}: 1/15 runes: decaying


You were on level 3 of the Spider Nest.
You worshipped Vehumet.
Vehumet was exalted by your worship.
You were very full.
You were a tree.
You visited 7 branches of the dungeon, and saw 34 of its levels.
You also visited: Labyrinth.

You collected 3580 gold pieces.
You spent 1564 gold pieces at shops.

Inventory:

Armour
 l - a +2 pair of gloves of dexterity (melded)
 m - a +2 cloak (melded)
 v - a +2 hat (melded)
 x - a +0 pair of boots (melded)
 I - the +3 robe of Hopscotch {+Blink rPois Str+6}
   (You took it off a deep elf archer on level 3 of the Elven Halls)

   It affects your strength (+6).
   It protects you from poison.
   It lets you blink.
 R - a +4 shield of cold resistance (worn)
 S - a +2 robe of magic resistance (melded)
Magical Staves
 V - an uncursed staff of fire (weapon)
Jewellery
 a - an uncursed ring of magical power
 b - an uncursed ring of flight
 d - a cursed ring of teleportation {unknown}
 h - an uncursed ring of magical power
 n - the ring "Bouzum Dueje" (right branch) {rPois MR+ Dex+4 Stlth-}
   (You bought it in a shop on level 14 of the Dungeon)

   [ring of loudness]

   It affects your dexterity (+4).
   It protects you from poison.
   It affects your resistance to hostile enchantments.
   It makes you less stealthy.
 q - an uncursed ring of see invisible
 J - an uncursed ring of protection from cold
 M - a +3 amulet of reflection
 P - the ring "Plog" (left branch) {rCorr rElec Int+3 Stlth+}
   (You found it on level 3 of the Lair of Beasts)

   [ring of resist corrosion]

   It affects your intelligence (+3).
   It insulates you from electricity.
   It makes you more stealthy.
 Z - an amulet of the gourmand (around neck)
Wands
 D - a wand of iceblast (5/15)
 F - a wand of paralysis (5/24)
 G - a wand of slowing (23/48)
 U - a wand of lightning (4/15)
 Y - a wand of hasting (2/9)
Scrolls
 g - 6 scrolls of identify
 i - a scroll of amnesia
 r - 3 scrolls of fog
 s - 3 scrolls of blinking
 w - 9 scrolls of remove curse
 y - 6 scrolls of fear
 E - 3 scrolls of teleportation
Potions
 c - 2 potions of resistance
 e - 2 potions of cancellation
 p - 6 potions of curing
 t - 4 potions of lignification
 z - a potion of heal wounds
 A - 2 potions of haste
 L - 6 potions of agility
Miscellaneous
 T - a lamp of fire
Comestibles
 f - 2 chunks of flesh
 j - a royal jelly
 k - 7 slices of pizza
 N - 3 meat rations
 W - 27 fruits


   Skills:
 + Level 10.1 Fighting
 - Level 8.5 Dodging
 - Level 2.4 Stealth
 + Level 9.4 Shields
 + Level 19.9 Spellcasting
 + Level 20.0 Conjurations
 - Level 11.0 Charms
 + Level 2.3 Summonings
 * Level 17.7 Fire Magic
 - Level 4.0 Evocations


You had one spell level left.
You knew the following spells:

 Your Spells              Type           Power        Failure   Level  Hunger
a - Magic Dart            Conj           ####         0%          1    None
b - Searing Ray           Conj           ######       0%          2    None
c - Dazzling Spray        Conj/Hex       ######       1%          3    None
d - Iskenderun's Battles  Conj/Chrm      ########     1%          5    None
e - Iskenderun's Mystic   Conj           ########     0%          4    None
f - Fulminant Prism       Conj/Hex       #######...   1%          4    None
g - Inner Flame           Hex/Fire       ########     1%          3    None
h - Conjure Flame         Conj/Fire      ########     0%          3    None
i - Delayed Fireball      Conj/Fire      N/A          1%          7    None
j - Fireball              Conj/Fire      ########..   1%          5    None
k - Orb of Destruction    Conj           ########..   1%          7    None
l - Fire Storm            Conj/Fire      ########..   9%          9    #####..
m - Summon Butterflies    Summ           ######..     1%          1    None
n - Spellforged Servitor  Conj/Summ      #######...   1%          7    None


Dungeon Overview and Level Annotations

Branches:
Dungeon (15/15)            Temple (1/1) D:4            Lair (6/6) D:8
  Swamp (4/4) Lair:2       Spider (3/4) Lair:2        Slime (0/5) Lair:5
    Orc (2/2) D:11            Elf (3/3) Orc:2        Vaults (0/5) D:14
 Depths (0/5) D:15

Altars:
Ashenzari
Cheibriados
Dithmenos
Elyvilon
Fedhas
Gozag
Hepliaklqana
Kikubaaqudgha
Makhleb
Nemelex Xobeh
Okawaru
Qazlal
Ru
Sif Muna
Trog
Uskayaw
Vehumet
Xom
Yredelemnul
Zin
The Shining One
Beogh

Shops:
D:13 ((:   D:14 =   Orc:2 =?%:   Elf:1 [

Annotations:
Spider:3 Arachne


Innate Abilities, Weirdness & Mutations

((You are partially covered in slimy green scales. (AC +2)))
((You are partially covered in yellow scales. (AC +2)))
Your magical capacity is low. (-10% MP)


Message History

The demonic crawler hits you but does no damage.
The spark wasp stings you!
* * * LOW HITPOINT WARNING * * *
The spark wasp shocks you. You resist.
* * * LOW HITPOINT WARNING * * *
The wolf spider hits you but does no damage.
The wolf spider bites you but does no damage.
A wolf spider comes into view.
You're too confused!
Unknown command.
The redback bites you but does no damage.
The tarantella bites you but does no damage.
Your battlesphere passes through a web.
The spark wasp stings you!!
* * * LOW HITPOINT WARNING * * *
The spark wasp shocks you. You resist.
* * * LOW HITPOINT WARNING * * *
The wolf spider hits you but does no damage.
The wolf spider bites you.
You die...

.#... .... ...
# ^.# ##.# .H
....#. # #.
#......
..#..#s#s$..s..
...§.ss♣s†..)#
....#ssy#.##.#
# .....s* ..
^..§#....# .#
.s# #...#. .. #
......# ..
........ #
.#...#. ..


You could see Arachne, a spark wasp, a demonic crawler, 4 wolf spiders, 2
jumping spiders, a tarantella, 2 redbacks and a friendly battlesphere.

Vanquished Creatures
  Jorgrun (Elf:2)
  3 deep elf blademasters
  Frances (D:14)
  2 deep elf master archers (Elf:3)
  3 thorn hunters (Swamp:4)
  Kirke (Spider:1)
  4 deep elf sorcerers (Elf:3)
  2 orc warlords
  3 deep elf elementalists (Elf:3)
  9 deep elf demonologists
  3 entropy weavers
  3 deep elf annihilators (Elf:3)
  An ettin (D:15)
  3 deep elf death magi
  A minotaur (Lab)
  A great orb of eyes (D:14)
  2 deep elf high priests (Elf:3)
  28 hydras
  A ghost crab (shapeshifter) (Elf:1)
  Erolcha (Orc:1)
  3 ghost crabs
  A catoblepas (Lair:6)
  4 centaur warriors
  2 ogre magi
  41 dancing weapons
  The ghost of Thrillho the Thaumaturge, a journeyman DECj of Vehumet (Lair:1)
  6 death yaks (Lair:6)
  A deep troll shaman (Lair:6)
  3 alligators (Swamp:2)
  6 orc high priests
  A spriggan berserker (Swamp:4)
  17 deep elf knights
  4 skeletal warriors (D:13)
  5 unseen horrors
  A deep troll (D:15)
  A wizard (D:14)
  5 hill giants
  15 deep elf archers
  A necromancer (Elf:1)
  11 swamp dragons
  A spriggan druid (Swamp:2)
  2 shambling mangroves
  6 orb spiders
  Pikel (D:6)
  4 orc knights
  11 ugly things
  8 orc sorcerers
  61 deep elf magi
  2 manticores (D:15)
  15 wolf spiders
  2 cyclopes (D:15)
  Maurice (D:12)
  17 elephants
  A moth of wrath (Spider:2)
  Joseph (D:7)
  A centaur zombie (D:14)
  5 black mambas
  2 molten gargoyles (D:14)
  15 spiny frogs
  A gargoyle (D:10)
  10 komodo dragons
  2 torpor snails
  A freezing wraith (D:15)
  5 demonic crawlers
  2 tengu conjurers (D:15)
  10 trolls
  5 meliai
  6 tyrant leeches
  10 two-headed ogres
  15 jumping spiders
  10 hornets
  Prince Ribbit (D:5)
  A hornet (shapeshifter) (Elf:3)
  5 bog bodies
  Grinder (D:5)
  14 blink frogs
  8 hippogriffs
  26 slime creatures
  A vampire (D:11)
  A meliai zombie (D:15)
  41 redbacks
  5 spriggans
  3 shadows
  3 wraiths
  7 wyverns
  2 water elementals (Elf:1)
  5 large abominations (Elf:1)
  17 tarantellas
  2 spriggans (shapeshifter)
  A human (D:8)
  4 basilisks
  47 yaks
  5 hogs (Spider:1)
  22 vampire mosquitoes
  4 fire elementals
  Menkaure (D:6)
  3 hungry ghosts
  5 wargs
  16 swamp worms
  9 insubstantial wisps
  A soldier ant (D:12)
  17 water moccasins
  11 porcupines
  A hornet zombie (D:14)
  49 orc warriors
  11 swamp drakes
  10 sky beasts
  6 ice beasts
  6 black bears
  A necrophage (D:8)
  2 phantoms
  22 ogres
  20 centaurs
  22 crocodiles
  15 wolves
  4 big kobolds
  21 bullfrogs
  2 elf zombies (Elf:1)
  2 earth elementals (Elf:1)
  Blork the orc (D:6)
  A wyvern skeleton (D:13)
  4 scorpions
  A water moccasin skeleton (D:6)
  9 wights
  10 crimson imps
  8 electric eels
  2 howler monkeys
  A lava snake (D:14)
  37 orc priests
  6 hounds
  4 jellies
  30 orc wizards
  Crazy Yiuf (D:7)
  3 centaur skeletons
  6 iguanas
  12 worker ants
  2 hound skeletons
  A howler monkey zombie (D:6)
  A worker ant zombie (D:7)
  4 gnolls (D:9)
  13 adders
  6 shadow imps
  An ooze (D:3)
  2 adder zombies
  An adder skeleton (D:8)
  2 worms
  A dart slug (D:3)
  7 leopard geckos
  133 orcs
  4 giant cockroaches
  7 goblins
  9 hobgoblins
  6 jackals
  22 kobolds
  2 quokkas
  A ball python (D:6)
  A ball python skeleton (D:4)
  9 bats
  8 frilled lizards
  A leopard gecko zombie (D:8)
  4 rats
  A bush (Lair:6)
  2 fungi (Lair:4)
  2 plants
1307 creatures vanquished.

Vanquished Creatures (collateral kills)
  Louise (Spider:1)
  2 emperor scorpions
  2 wolf spiders
  3 demonic crawlers
  6 jumping spiders
  15 redbacks
  A tarantella (Spider:1)
  A wyvern (Lair:2)
  2 hogs (Spider:1)
33 creatures vanquished.

Vanquished Creatures (others)
  A demonic crawler (Spider:1)
  A slave (D:6)
  An eye of draining (D:14)
  A centaur (D:6)
  A wyvern zombie (D:14)
  A bullfrog skeleton (D:6)
  A worm (D:6)
  62 fulminant prisms
  18 fungi
  9 plants
96 creatures vanquished.

Grand Total: 1436 creatures vanquished

Notes
Turn   | Place    | Note
-------+----------+-------------------------------------------
     0 | D:1      | Megalobster the Deep Elf Conjurer began the quest for the Orb.
     0 | D:1      | Reached XP level 1. HP: 10/10 MP: 6/6
   499 | D:1      | Reached XP level 2. HP: 15/15 MP: 5/8
   503 | D:1      | Learned a level 2 spell: Searing Ray
  1298 | D:2      | Reached skill level 5 in Conjurations
  1298 | D:2      | Reached XP level 3. HP: 15/19 MP: 5/10
  2341 | D:3      | Learned a level 3 spell: Dazzling Spray
  2515 | D:3      | Reached XP level 4. HP: 24/24 MP: 8/12
  2686 | D:3      | Reached skill level 6 in Conjurations
  2702 | D:3      | Reached skill level 5 in Spellcasting
  2772 | D:3      | Reached XP level 5. HP: 28/28 MP: 10/14
  2779 | D:3      | Learned a level 5 spell: Iskenderun's Battlesphere
  3106 | D:3      | Found a shimmering altar of Xom.
  3174 | D:3      | Reached skill level 1 in Charms
  3205 | D:3      | Reached XP level 6. HP: 11/32 MP: 3/16
  3603 | D:3      | Learned a level 4 spell: Iskenderun's Mystic Blast
  4491 | D:4      | Reached skill level 5 in Charms
  4491 | D:4      | Reached XP level 7. HP: 29/36 MP: 0/18
  4638 | D:4      | Reached skill level 7 in Conjurations
  4820 | D:4      | Found a staircase to the Ecumenical Temple.
  4825 | Temple   | Entered the Ecumenical Temple
  4935 | Temple   | Became a worshipper of Vehumet
  5182 | D:5      | Entered Level 5 of the Dungeon
  5243 | D:5      | Found an ancient bone altar of Kikubaaqudgha.
  5451 | D:5      | Noticed Prince Ribbit
  5723 | D:5      | Killed Prince Ribbit
  5723 | D:5      | Reached skill level 1 in Fighting
  5723 | D:5      | Reached XP level 8. HP: 39/43 MP: 9/20
  5791 | D:5      | Learned a level 4 spell: Fulminant Prism
  5835 | D:5      | Noticed Grinder
  5842 | D:5      | Killed Grinder
  5842 | D:5      | Reached skill level 8 in Conjurations
  6767 | D:6      | Noticed Blork the orc
  6773 | D:6      | Killed Blork the orc
  6855 | D:6      | Noticed Pikel
  6864 | D:6      | Killed Pikel
  6864 | D:6      | Reached skill level 1 in Shields
  6864 | D:6      | Reached skill level 9 in Conjurations
  6864 | D:6      | Reached XP level 9. HP: 37/49 MP: 8/23
  7009 | D:6      | Noticed Menkaure
  7015 | D:6      | Killed Menkaure
  7852 | D:7      | Reached * piety under Vehumet
  7852 | D:7      | Offered knowledge of Sandblast by Vehumet.
  7852 | D:7      | Reached skill level 10 in Charms
  7853 | D:7      | Reached skill level 1 in Evocations
  8281 | D:7      | Noticed Joseph
  8294 | D:7      | Killed Joseph
  8441 | D:7      | Offered knowledge of Sting by Vehumet.
  8459 | D:7      | Reached ** piety under Vehumet
  8462 | D:7      | Reached skill level 10 in Conjurations
  8462 | D:7      | Reached XP level 10. HP: 44/56 MP: 8/24
  9035 | D:7      | Found a runed door.
  9039 | D:7      | Noticed Crazy Yiuf
  9041 | D:7      | Killed Crazy Yiuf
  9051 | D:7      | Got a jewelled mace
  9091 | D:8      | Found a staircase to the Lair.
  9254 | D:8      | Found a shadowy altar of Dithmenos.
  9434 | D:8      | Got a translucent long sword
  9435 | D:8      | Identified the +7 long sword "Jellyslayer" {chaos, Int+5} (You took it off a centaur on level 8 of the Dungeon)
  9930 | D:8      | Found a bloodstained altar of Trog.
  9937 | D:8      | Found an opulent altar of Gozag.
 10301 | D:9      | Offered knowledge of Inner Flame by Vehumet.
 10306 | D:9      | Learned a level 3 spell: Inner Flame
 10455 | D:9      | Reached skill level 1 in Fire Magic
 11014 | D:10     | Entered Level 10 of the Dungeon
 11021 | D:10     | Reached *** piety under Vehumet
 11435 | D:10     | Reached skill level 10 in Spellcasting
 11448 | D:10     | Reached skill level 11 in Conjurations
 11692 | D:10     | Offered knowledge of Conjure Flame by Vehumet.
 11697 | D:10     | Learned a level 3 spell: Conjure Flame
 11785 | D:11     | Reached XP level 11. HP: 62/62 MP: 12/27
 11795 | D:11     | Noticed a purple ugly thing
 11799 | D:11     | Killed a purple ugly thing
 11991 | D:11     | Reached **** piety under Vehumet
 12006 | D:11     | Offered knowledge of Irradiate by Vehumet.
 12174 | D:11     | Found a staircase to the Orcish Mines.
 12446 | D:11     | Got a spiked scale mail
 12700 | Lair:1   | Entered Level 1 of the Lair of Beasts
 13077 | Lair:1   | Reached skill level 5 in Fire Magic
 13422 | Lair:1   | Noticed a seven-headed hydra
 13427 | Lair:1   | Killed a seven-headed hydra
 13599 | Lair:1   | Noticed Thrillho's ghost (journeyman DECj)
 13605 | Lair:1   | Killed Thrillho's ghost
 13605 | Lair:1   | Reached skill level 5 in Fighting
 13734 | Lair:2   | Found a staircase to the Swamp.
 13890 | Lair:2   | Reached skill level 12 in Conjurations
 13891 | Lair:2   | Reached ***** piety under Vehumet
 13899 | Lair:2   | Offered knowledge of Delayed Fireball by Vehumet.
 14410 | Lair:2   | Learned a level 7 spell: Delayed Fireball
 14426 | Lair:2   | Reached XP level 12. HP: 68/68 MP: 23/29
 14561 | Lair:2   | Reached skill level 5 in Shields
 14579 | Lair:2   | HP: 2/68 [jumping spider (5)]
 14900 | Lair:2   | Found a hole to the Spider Nest.
 14990 | Lair:2   | Noticed a four-headed hydra
 14997 | Lair:2   | Killed a four-headed hydra
 15682 | Lair:3   | Noticed a five-headed hydra
 15691 | Lair:3   | Killed a five-headed hydra
 15696 | Lair:3   | Reached skill level 13 in Conjurations
 15992 | Lair:3   | Noticed a six-headed hydra
 15996 | Lair:3   | Killed a six-headed hydra
 16193 | Lair:3   | Got a scintillating jade ring
 16198 | Lair:3   | Identified the ring of Xajugg {*Tele Int+4} (You found it on level 3 of the Lair of Beasts)
 16213 | Lair:3   | Got a brightly glowing ivory ring
 16216 | Lair:3   | Identified the ring "Plog" {rCorr rElec Int+3 Stlth+} (You found it on level 3 of the Lair of Beasts)
 16302 | Lair:3   | Offered knowledge of Poison Arrow by Vehumet.
 16796 | Lair:4   | Identified the +6 scale mail "Diczoipt" {+Inv Str+3 Slay+3 SInv} (You found it on level 11 of the Dungeon)
 16796 | Lair:4   | Identified the cursed +1 mace of Floods {vamp, *Contam rElec Str+7} (You found it on level 7 of the Dungeon)
 17152 | Lair:4   | Gained mutation: You are partially covered in slimy green scales. (AC +2) [potion of mutation]
 17152 | Lair:4   | Gained mutation: You are partially covered in yellow scales. (AC +2) [potion of mutation]
 17152 | Lair:4   | Gained mutation: Your magical capacity is low. (-10% MP) [potion of mutation]
 17531 | Lair:4   | Reached XP level 13. HP: 75/75 MP: 20/28
 18632 | Lair:5   | Found a staircase to the Slime Pits.
 18911 | Lair:5   | Reached skill level 14 in Conjurations
 19377 | Lair:5   | Reached skill level 10 in Fire Magic
 19966 | Lair:6   | Entered Level 6 of the Lair of Beasts
 21646 | Lair:6   | Found a glowing silver altar of Zin.
 22388 | Lair:6   | Reached XP level 14. HP: 82/82 MP: 21/29
 22479 | Lair:6   | Offered knowledge of Fireball by Vehumet.
 22629 | Lair:6   | Learned a level 5 spell: Fireball
 22672 | Lair:6   | Learned a level 7 spell: Orb of Destruction
 23289 | D:12     | Noticed Maurice
 23293 | D:12     | Killed Maurice
 23293 | D:12     | Reached skill level 15 in Conjurations
 23366 | D:12     | Found a labyrinth entrance.
 23377 | Lab      | Entered a labyrinth
 24400 | Lab      | Got a scorched hand axe
 24400 | Lab      | Got an ancient chain mail
 24400 | Lab      | Got an encrusted scale mail
 24461 | D:12     | Identified the cursed +1 hand axe "Concordance" {speed, rPois MR+ Dex+4} (You found it in a labyrinth)
 24472 | D:12     | Identified the +3 chain mail of Trumpets {rElec} (You found it in a labyrinth)
 24482 | D:12     | Identified the cursed +0 scale mail of Shielding {Dex+6} (You found it in a labyrinth)
 24536 | D:12     | Got a faintly glowing scale mail
 25148 | D:13     | Found Dehelel's Antique Weapon Shop.
 25460 | D:13     | Found a basalt altar of Yredelemnul.
 25638 | D:13     | Reached skill level 5 in Dodging
 26150 | D:13     | Found Pepis's Weapon Boutique.
 26181 | D:13     | HP: 4/83 [skeletal warrior/war axe of draining[a skeletal warrior] (4)]
 27551 | Orc:1    | Entered Level 1 of the Orcish Mines
 27908 | Orc:1    | Noticed Erolcha
 27921 | Orc:1    | Killed Erolcha
 28668 | Orc:1    | Noticed an orc warlord
 28672 | Orc:1    | Killed an orc warlord
 29285 | Orc:2    | Entered Level 2 of the Orcish Mines
 29288 | Orc:2    | Offered knowledge of Bolt of Cold by Vehumet.
 29720 | Orc:2    | Found a roughly hewn altar of Beogh.
 29820 | Orc:2    | Found Oduo's Magic Scroll Emporium.
 29832 | Orc:2    | Found Litiluh's Jewellery Shoppe.
 29839 | Orc:2    | Reached ****** piety under Vehumet
 30863 | Orc:2    | Found a staircase to the Elven Halls.
 31163 | Orc:2    | Offered knowledge of Bolt of Fire by Vehumet.
 31260 | Orc:2    | Found Bahoikla's Food Boutique.
 31306 | Orc:2    | Noticed an orc warlord
 31317 | Orc:2    | Killed an orc warlord
 31317 | Orc:2    | Reached XP level 15. HP: 58/88 MP: 22/31
 31851 | Orc:2    | Found Itasm's Book Emporium.
 31884 | Orc:2    | Found a roughly hewn altar of Beogh.
 32202 | Orc:2    | Bought a scroll of identify for 32 gold pieces
 32217 | Orc:2    | Bought an uncursed ring of flight for 175 gold pieces
 32778 | D:13     | Found Otarilal's Book Emporium.
 33256 | D:14     | Found Vetriovu's Jewellery Emporium.
 33860 | D:14     | Found a gate to the Vaults.
 33868 | D:14     | Reached skill level 16 in Conjurations
 34061 | D:14     | Noticed Frances
 34093 | D:14     | Killed Frances
 34427 | D:14     | Offered knowledge of Ozocubu's Refrigeration by Vehumet.
 34465 | D:14     | You fall through a shaft!
 34465 | D:15     | Entered Level 15 of the Dungeon
 35634 | D:15     | Found a bloodstained altar of Trog.
 35664 | D:15     | Reached skill level 15 in Spellcasting
 36330 | D:15     | Offered knowledge of Conjure Ball Lightning by Vehumet.
 37074 | D:15     | Paralysed by a hornet for 2 turns
 37321 | D:15     | Found a staircase to the Depths.
 37605 | D:14     | Bought the ring "Bouzum Dueje" {rPois MR+ Dex+4 Stlth-} for 457 gold pieces
 37898 | Swamp:1  | Entered Level 1 of the Swamp
 37917 | Swamp:1  | Reached XP level 16. HP: 94/94 MP: 16/33
 39609 | Swamp:2  | Reached skill level 17 in Conjurations
 42017 | Swamp:4  | Entered Level 4 of the Swamp
 42444 | Swamp:4  | Offered knowledge of Fire Storm by Vehumet.
 42444 | Swamp:4  | Offered knowledge of Glaciate by Vehumet.
 42444 | Swamp:4  | Offered knowledge of Tornado by Vehumet.
 43202 | Swamp:4  | Noticed a thorn hunter
 43205 | Swamp:4  | Killed a thorn hunter
 43691 | Swamp:4  | Learned a level 9 spell: Fire Storm
 43940 | Swamp:4  | Reached skill level 15 in Fire Magic
 44505 | Swamp:4  | Noticed a thorn hunter
 44508 | Swamp:4  | Killed a thorn hunter
 44690 | Swamp:4  | Noticed a thorn hunter
 44704 | Swamp:4  | Killed a thorn hunter
 44704 | Swamp:4  | Reached XP level 17. HP: 99/99 MP: 11/36
 44928 | Swamp:4  | Got a decaying rune of Zot
 45364 | Orc:2    | Bought a scroll of blinking for 120 gold pieces
 45364 | Orc:2    | Bought a scroll of blinking for 120 gold pieces
 45461 | Orc:2    | Bought a book of Beasts for 660 gold pieces
 45463 | Orc:2    | Learned a level 1 spell: Summon Butterflies
 45522 | Elf:1    | Entered Level 1 of the Elven Halls
 45719 | Elf:1    | Reached skill level 18 in Conjurations
 46505 | Elf:1    | Identified the Compendium of Stolen Souls
 46545 | Elf:1    | Found Cafur's Antique Armour Shop.
 48198 | Elf:2    | Found a large runed door.
 48198 | Elf:2    | Found a large runed door.
 48222 | Elf:2    | Found a large runed door.
 48222 | Elf:2    | Found a large runed door.
 48242 | Elf:2    | Noticed Jorgrun
 48247 | Elf:2    | Killed Jorgrun
 49007 | Elf:2    | Found a radiant altar of Vehumet.
 49872 | Elf:3    | Entered Level 3 of the Elven Halls
 50335 | Elf:2    | Reached XP level 18. HP: 105/105 MP: 33/38
 50362 | Elf:2    | Reached skill level 19 in Conjurations
 52080 | Elf:3    | Noticed a Tzitzimitl
 52531 | Elf:3    | Noticed an Ice Fiend
 53409 | Elf:3    | Got a slimy scale mail
 53698 | Elf:3    | Got a wizard robe
 53709 | Elf:3    | Identified the +3 robe of Hopscotch {+Blink rPois Str+6} (You took it off a deep elf archer on level 3 of the Elven Halls)
 53936 | Elf:3    | Identified the Disquisition on Orientation
 54044 | Elf:3    | Identified the Tome of the Assorted Ghosts
 54086 | Elf:3    | Got a warped dagger {flame}
 54226 | Elf:3    | Identified the cursed +0 dagger of Chagrin {flame, *Slow rElec rN+ Dex+2} (You took it off a deep elf archer on level 3 of the Elven Halls)
 54353 | Elf:3    | Identified the +0 scale mail "Duocaumi" {rC+} (You took it off a deep elf master archer on level 3 of the Elven Halls)
 54738 | D:8      | Learned a level 7 spell: Spellforged Servitor
 54872 | Spider:1 | Entered Level 1 of the Spider Nest
 54882 | Spider:1 | Noticed Louise
 55001 | Spider:1 | Noticed Kirke
 55012 | Spider:1 | Killed Kirke
 55013 | Spider:1 | Killed Louise
 55169 | Spider:1 | Reached XP level 19. HP: 93/112 MP: 21/40
 55529 | Spider:1 | Reached skill level 1 in Summonings
 56032 | Spider:2 | Reached skill level 10 in Fighting
 56422 | Spider:2 | Reached skill level 20 in Conjurations
 57688 | Spider:3 | Noticed Arachne
 57697 | Spider:3 | HP: 8/168 [spark wasp (18)]
 57697 | Spider:3 | Slain by a wolf spider

Skill      XL: |  1  2  3  4  5  6  7  8  9 10 11 12 13 14 15 16 17 18 19 |
---------------+----------------------------------------------------------+-----
Conjurations   | 5 6 7 9 10 11 12 13 14 15 16 17 18 19 20 | 20.0
Spellcasting   | 4 5 6 8 10 11 12 13 14 15 17 18 19 | 19.9
Charms         | 3 5 7 9 11 | 11.0
Fighting       | 1 2 3 4 5 6 7 8 9 10 | 10.1
Shields        | 1 2 3 4 6 7 8 9 |  9.4
Evocations     | 2 4 |  4.0
Fire Magic     | 3 7 9 10 12 13 15 16 17 | 17.7
Dodging        | 3 6 8 |  8.5
Summonings     | 2 |  2.3
Stealth        | |  2.4

Action                   |  1- 3 |  4- 6 |  7- 9 | 10-12 | 13-15 | 16-18 | 19-21 || total
-------------------------+-------+-------+-------+-------+-------+-------+-------++-------
Melee: Dagger            |       |    87 |       |       |       |       |       ||    87
       Long sword        |       |       |       |    18 |     6 |       |       ||    24
       Staff             |       |       |       |       |     4 |       |       ||     4
 Cast: Magic Dart        |    71 |    93 |    97 |   341 |   455 |   218 |    48 ||  1323
       Searing Ray       |     6 |    14 |    26 |    45 |   114 |    67 |    10 ||   282
       Dazzling Spray    |       |     2 |       |     2 |     7 |     4 |     1 ||    16
       Iskenderun's Myst |       |     4 |     2 |    20 |    17 |    33 |    16 ||    92
       Iskenderun's Batt |       |       |    20 |    87 |   168 |   155 |    27 ||   457
       Fulminant Prism   |       |       |     4 |    11 |    30 |     6 |    11 ||    62
       Inner Flame       |       |       |       |     8 |    18 |     4 |     3 ||    33
       Delayed Fireball  |       |       |       |       |     8 |     8 |     2 ||    18
       Conjure Flame     |       |       |       |       |     1 |     1 |       ||     2
       Fireball          |       |       |       |       |   105 |   149 |    33 ||   287
       Orb of Destructio |       |       |       |       |    44 |   136 |    13 ||   193
       Spellforged Servi |       |       |       |       |       |     4 |    18 ||    22
       Summon Butterflie |       |       |       |       |       |     2 |       ||     2
 Abil: Release Delayed F |       |       |       |       |     7 |     8 |     2 ||    17
       Evoke Flight      |       |       |       |       |     2 |       |       ||     2
Evoke: Wand              |       |       |       |     3 |     7 |     5 |     3 ||    18
       Lamp of fire      |       |       |       |       |     4 |     1 |       ||     5
  Use: Scroll            |     5 |       |     4 |    15 |    16 |    11 |     1 ||    52
       Potion            |       |     3 |       |     4 |     4 |     6 |     5 ||    22
 Stab: Invisible         |       |     3 |       |       |       |       |       ||     3
       Sleeping          |       |     1 |       |       |       |       |       ||     1
  Eat: Chunk             |     5 |     5 |     7 |    35 |    73 |    59 |     4 ||   188
       Royal jelly       |       |     1 |       |     2 |     1 |     1 |       ||     5
       Bread ration      |       |       |     2 |     1 |       |     1 |     1 ||     5
       Pizza             |       |       |       |     2 |       |     3 |     1 ||     6
       Beef jerky        |       |       |       |     2 |       |       |     1 ||     3
       Fruit             |       |       |       |     2 |       |     5 |       ||     7
       Meat ration       |       |       |       |       |     1 |     1 |       ||     2
Armor: Robe              |     3 |    17 |    17 |       |    44 |    79 |    26 ||   186
       Leather armour    |       |       |       |    42 |    30 |       |       ||    72
       Skin              |       |       |       |       |       |       |    47 ||    47
Dodge: Dodged            |     2 |    76 |    49 |    42 |   106 |   234 |    56 ||   565
Block: Shield            |       |       |       |    23 |   125 |   169 |    71 ||   388
       Rpst.: Long sword |       |       |       |     9 |     6 |       |       ||    15
